 Dungeon Crawl Stone Soup version 0.21-a0-297-ga3d34c2 (webtiles) character file.

305 Zexell the Skirmisher (level 6, -6/56 HPs)
             Began as a Minotaur Berserker on Sept 28, 2017.
             Was a Believer of Trog.
             Mangled by an orc warrior
             ... wielding a +0 trident
              (14 damage)
             ... on level 7 of the Dungeon.
             The game lasted 00:10:20 (1396 turns).

Zexell the Skirmisher (Minotaur Berserker)          Turns: 1396, Time: 00:10:22

Health: -6/56      AC:  9    Str: 24    XL:     6   Next: 16%
Magic:  5/5        EV:  9    Int:  4    God:    Trog [**....]
Gold:   74         SH:  0    Dex:  9    Spells: 5/5 levels left

rFire    . . .     SeeInvis .   q - +0 great sword
rCold    . . .     Gourm    .   (shield currently unavailable)
rNeg     . . .     Faith    .   p - +0 chain mail
rPois    .         Spirit   .   (helmet restricted)
rElec    .         Reflect  .   (no cloak)
rCorr    .         Harm     .   (no gloves)
MR       .....                  (no boots)
Stlth    ..........             e - amulet of rage
HPRegen  0.18/turn              w - +1 ring of slaying
MPRegen  0.09/turn              (no ring)

@: no status effects
A: retaliatory headbutt, horns 2
a: Berserk, Trog's Hand, Burn Spellbooks, Renounce Religion, Evoke Berserk Rage


You were on level 7 of the Dungeon.
You worshipped Trog.
Trog was pleased with you.
You were not hungry.

You visited 2 branches of the dungeon, and saw 8 of its levels.

You collected 74 gold pieces.

Inventory:

Hand Weapons
 a - a +0 hand axe
 c - a +0 flail
 f - a +0 dagger
 j - a +0 mace
 n - a +0 trident
 o - a +0 hand axe
 q - a +0 great sword (weapon)
 s - a +0 war axe
 u - a +0 mace
Missiles
 h - 15 bolts
Armour
 b - a +0 animal skin
 p - a +0 chain mail (worn)
 r - a +0 robe
Jewellery
 e - an amulet of rage (around neck)
 w - a +1 ring of slaying (left hand)
Scrolls
 i - 2 scrolls of immolation {unknown}
 k - 2 scrolls of remove curse {unknown}
 m - 2 scrolls of teleportation {unknown}
 v - a scroll of enchant armour {unknown}
Potions
 g - a potion of heal wounds {unknown}
 t - a potion of curing {unknown}
Comestibles
 d - 3 fruits
 l - a meat ration


   Skills:
 + Level 5.1 Fighting
 + Level 3.8 Long Blades
 + Level 4.4(4.6) Axes
 + Level 1.6(3.2) Polearms
 + Level 4.1 Armour
 + Level 2.8 Dodging
 + Level 0.1 Stealth


You had 5 spell levels left.
You didn't know any spells.

Dungeon Overview and Level Annotations

Branches:
Dungeon (7/15)             Temple (1/1) D:5

Altars:
Cheibriados
Elyvilon
Fedhas
Hepliaklqana
Kikubaaqudgha
Qazlal
Trog
Wu Jian
Yredelemnul
The Shining One

Portals:
Sewer: D:3


Innate Abilities, Weirdness & Mutations

You reflexively headbutt those who attack you in melee.
You have a pair of horns on your head.


Message History

The orc wizard is heavily wounded.
The orc wizard hits you but does no damage. x2
The orc warrior barely misses you. The orc barely misses you.
The orc wizard hits you but does no damage.
Unknown command.
You barely miss the orc wizard. Your headbutt misses the orc wizard.
The orc wizard is heavily wounded.
The orc wizard hits you but does no damage.
The orc warrior closely misses you. The orc hits you but does no damage.
The orc wizard hits you but does no damage.
The orc warrior hits you with a trident!
* * * LOW HITPOINT WARNING * * *
There are monsters nearby!
You slash the orc wizard!
You kill the orc wizard!
Trog accepts your kill.
Trog appreciates your killing of a magic user.
The orc hits you but does no damage.
The orc warrior hits you with a trident!
You die...

# .. .# ..
############.#.#
......o@)......#
###...o..<...###
#.#######..# ..
.# . #


You could see an orc warrior and an orc.

Vanquished Creatures
  2 crimson imps
  2 orc wizards
  Terence (D:3)
  2 worker ants
  4 adders
  A river rat (D:3)
  An ooze (D:3)
  An adder zombie (D:6)
  2 worms (D:3)
  A dart slug (D:1)
  A leopard gecko (D:1)
  4 orcs
  3 giant cockroaches
  4 goblins
  3 hobgoblins (D:1)
  2 jackals (D:3)
  A quokka (D:5)
  A ball python (D:3)
  5 bats
  2 frilled lizards (D:1)
  5 kobolds
  4 rats (D:1)
52 creatures vanquished.

Notes
Turn   | Place    | Note
-------+----------+-------------------------------------------
     0 | D:1      | Zexell the Minotaur Berserker began the quest for the Orb.
     0 | D:1      | Reached XP level 1. HP: 19/19 MP: 0/0
    98 | D:1      | Reached skill level 4 in Fighting
   110 | D:1      | Reached XP level 2. HP: 18/27 MP: 1/1
   564 | D:3      | Noticed Terence
   574 | D:3      | Killed Terence
   574 | D:3      | Reached XP level 3. HP: 24/34 MP: 2/2
   599 | D:3      | Found a glowing drain.
   620 | D:3      | Reached XP level 4. HP: 23/41 MP: 3/3
   622 | D:3      | Reached ** piety under Trog
   637 | D:3      | Found a faded altar of an unknown god.
   695 | D:3      | Reached skill level 1 in Polearms
   849 | D:4      | Reached skill level 1 in Long Blades
   911 | D:5      | Entered Level 5 of the Dungeon
   935 | D:5      | Found a white marble altar of Elyvilon.
   948 | D:5      | Reached skill level 5 in Fighting
   948 | D:5      | Reached XP level 5. HP: 46/48 MP: 4/4
  1070 | D:5      | Found a staircase to the Ecumenical Temple.
  1087 | Temple   | Entered the Ecumenical Temple
  1384 | D:7      | Noticed an orc warrior
  1389 | D:7      | Reached XP level 6. HP: 52/56 MP: 5/5
  1396 | D:7      | Mangled by an orc warrior

Vault maps used:
D:1:      dpeg_arrival_simpleton_a
D:2:      wad_river_or_something, roderic_lattice_a, okawaru_trees_2
D:3:      portal_sewer_entry_a, chequers_ecumenical_altar_simple, uniq_terence,
          uniq_natasha
D:4:      first_bread
D:5:      lemuel_coloured_pillars_altar, minmay_temple_entry_statues_pillars,
          minmay_item_behind_shaft
D:6:      cheibrodos_fertilizer, minmay_checkerbox, uniq_sigmund, uniq_grinder
D:7:      nicolae_dithmenos_through_a_glass_darkly, basic_altar
Temple:   eino_temple_scatter_basement

Skill      XL: |  1  2  3  4  5 |
---------------+----------------+-----
Fighting       | 4 5 |  5.1
Axes           | 4 |  4.4
Armour         | 3 4 |  4.1
Polearms       | 1 |  1.6
Long Blades    | 2 3 |  3.8
Dodging        | |  2.8
Stealth        | |  0.1

Action                   |  1- 3 |  4- 6 || total
-------------------------+-------+-------++-------
Melee: Hand axe          |    31 |       ||    31
       Headbutt          |     9 |     6 ||    15
       Trident           |     7 |       ||     7
       Great sword       |    11 |    62 ||    73
  Use: Scroll            |     1 |       ||     1
  Eat: Bread ration      |       |     1 ||     1
Armor: Animal skin       |     6 |       ||     6
       Chain mail        |    27 |    71 ||    98
Dodge: Dodged            |    39 |    54 ||    93
       Rpst.: Great sword |     6 |    16 ||    22

Table legend:
 A = Spawn XP
 B = Non-spawn XP
 C = Spawn XP percentage of total XP
 D = Spawn monster count
 E = Non-spawn monster count
 F = Spawn count percentage of total count
 G = Total turns spent on level
                    A         B        C        D         E        F      G
               +---------+---------+-------+---------+---------+-------+---------
         Total |       0 |     437 |   0.0 |       0 |      52 |   0.0 |  1396
               +---------+---------+-------+---------+---------+-------+---------
           D:1 |       0 |      30 |   0.0 |       0 |      19 |   0.0 |   514
           D:2 |       0 |       3 |   0.0 |       0 |       2 |   0.0 |    57
           D:3 |       0 |      94 |   0.0 |       0 |      15 |   0.0 |   263
           D:4 |       0 |      64 |   0.0 |       0 |       6 |   0.0 |    77
           D:5 |       0 |      99 |   0.0 |       0 |       4 |   0.0 |   281
           D:6 |       0 |      89 |   0.0 |       0 |       3 |   0.0 |    99
           D:7 |       0 |      58 |   0.0 |       0 |       3 |   0.0 |    13
               +---------+---------+-------+---------+---------+-------+---------
